 Dungeon Crawl Stone Soup version 0.30.0 (webtiles) character file.

Game seed: 14363125306511377633

7167 browni3141 the Scholar of Death (level 11, -5/86 HPs)
             Began as a Barachi Necromancer on May 6, 2023.
             Was a Follower of Kikubaaqudgha.
             Shot with an arrow by a centaur warrior (11 damage)
             ... on level 8 of the Dungeon on May 7, 2023.
             The game lasted 00:34:16 (12777 turns).

browni3141 the Scholar of Death (BaNe)             Turns: 12777, Time: 00:34:16

Health: -5/86      AC:  7    Str:  9    XL:     11   Next: 11%
Magic:  5/27       EV: 12    Int: 20    God:    Kikubaaqudgha [*.....]
Gold:   590        SH:  0    Dex: 15    Spells: 12/20 levels left

rFire   + . .        b - staff of death "Bioguuli" {rF+ rC+ rN+ MP+9 Dex-2}
rCold   + + .        (no shield)
rNeg    + . .        N - +0 robe
rPois   .            (no helmet)
rElec   +            (no cloak)
rCorr   .            (no gloves)
SInv    .            n - +0 pair of boots
Will    .....        K - amulet of the Inquisitive Ears {Faith Fly rElec Dex+4}
Stlth   ++           v - ring of protection from cold
HPRegen 0.34/turn    A - +4 ring of protection
MPRegen 0.20/turn

%: faith
@: animating dead, flying, slow
A: amphibious, slowness 1, strong legs 1, +LOS
a: Hop, Renounce Religion, Unearth Wretches


You were on level 8 of the Dungeon.
You worshipped Kikubaaqudgha.
Kikubaaqudgha was aware of your devotion.
You visited 2 branches of the dungeon, and saw 9 of its levels.
You also visited: Sewer.

You collected 590 gold pieces.

Inventory:

Hand Weapons
 a - a +0 scimitar
 o - a +0 whip
 z - a +2 hand axe of draining
Missiles
 J - 13 poisoned darts
 O - 2 curare-tipped darts
 T - 6 boomerangs
 V - 4 javelins
 Z - 2 throwing nets
Armour
 n - a +0 pair of boots (worn)
 N - a +0 robe (worn)
 P - a +0 pair of boots
 X - a +2 scale mail of fire resistance
Magical Staves
 b - the staff of death "Bioguuli" (weapon) {rF+ rC+ rN+ MP+9 Dex-2}
   (You found it on level 4 of the Dungeon)

   [staff of death]

   Base accuracy: +5 Base damage: 5 Base attack delay: 1.2 This weapon's minimum
   attack delay (0.6) is reached at skill level 12.
   Dex:       It affects your dexterity (-2).
   rF:        It protects you from fire.
   rC:        It protects you from cold.
   rN:        It protects you from negative energy.
   MP:        It affects your magic capacity (+9).
   It falls into the 'Staves' category.
   It is a one-handed weapon.
 R - the staff of death "Zystojiepn" {rElec rN+ Int+3 Dex+2}
   (You found it on level 4 of the Dungeon)

   [staff of death]

   Base accuracy: +5 Base damage: 5 Base attack delay: 1.2 This weapon's minimum
   attack delay (0.6) is reached at skill level 12.
   Int:       It affects your intelligence (+3).
   Dex:       It affects your dexterity (+2).
   rElec:     It insulates you from electricity.
   rN:        It protects you from negative energy.
   It falls into the 'Staves' category.
   It is a one-handed weapon.
Jewellery
 v - a ring of protection from cold (left hand)
 A - a +4 ring of protection (right hand)
 E - an amulet of the acrobat
 K - the amulet of the Inquisitive Ears (around neck) {Faith Fly rElec Dex+4}
   (You took it off an orc priest on level 7 of the Dungeon)

   [amulet of faith]

   It allows you to gain divine favour quickly.
   Dex:       It affects your dexterity (+4).
   rElec:     It insulates you from electricity.
   Fly:       It grants you flight.
 L - a ring of resist corrosion
 Q - a ring of willpower
Wands
 S - a wand of digging (4)
Scrolls
 p - 3 scrolls of noise {unknown}
 r - 5 scrolls of identify
 s - a scroll of brand weapon {unknown}
 w - 2 scrolls of blinking
 x - 2 scrolls of immolation
 y - 3 scrolls of teleportation
 B - 3 scrolls of amnesia
 D - a scroll of torment {unknown}
 G - a scroll of vulnerability {unknown}
 H - 2 scrolls of magic mapping {unknown}
 I - 4 scrolls of butterflies {unknown}
 U - a scroll of poison {unknown}
 Y - a scroll of enchant weapon {unknown}
Potions
 h - a potion of haste
 m - a potion of magic
 q - a potion of attraction
 t - 3 potions of degeneration
 C - 2 potions of curing
 F - 5 potions of flight
 M - 3 potions of might
 W - 5 potions of mutation


   Skills:
 - Level 8.0 Fighting
 - Level 0.1 Long Blades
 * Level 10.0 Staves
 - Level 2.0 Armour
 - Level 2.1 Dodging
 - Level 3.0 Stealth
 - Level 5.0 Spellcasting
 - Level 10.0 Necromancy
 - Level 5.0 Evocations


You had 12 spell levels left.
You knew the following spells:

 Your Spells              Type           Power      Damage    Failure   Level
d - Animate Dead          Necr           61%        N/A       1%          4
v - Vampiric Draining     Necr           61%        2d10      1%          3
N - Necrotise             Necr           100%       1d9       1%          1

Your spell library contained the following spells:

 Spells                   Type           Power      Damage    Failure   Level
 Kiss of Death            Conj/Necr      100%       2d13      1%          1
 Cigotuvi's Dreadful Rot  Necr/Pois/Air  54%        N/A       4%          2
 Agony                    Necr           61%        N/A       5%          5
 Apportation              Tloc           10%        N/A       12%         1
 Shock                    Conj/Air       20%        1d4       12%         1
 Summon Small Mammal      Summ           20%        N/A       12%         1
 Inner Flame              Hex/Fire       5%         N/A       34%         3
 Swiftness                Air            5%         N/A       34%         3
 Airstrike                Air            2%         2d(1-17)  75%         4
 Animate Armour           Summ/Erth      10%        N/A       75%         4
 Alistair's Intoxication  Tmut/Pois      3%         N/A       97%         5
 Blade Hands              Tmut           2%         N/A       97%         5
 Yara's Violent Unravell  Hex/Tmut       2%         3d3       97%         5
 Iron Shot                Conj/Erth      2%         9d2       100%        6
 Enfeeble                 Hex            2%         N/A       100%        7


Dungeon Overview and Level Annotations

Branches:
Dungeon (8/15)             Temple (1/1) D:6           Sewer (visited)
   Lair: D:8-11

Altars:
Ashenzari
Cheibriados
Dithmenos
Fedhas
Gozag
Kikubaaqudgha
Makhleb
Nemelex Xobeh
Okawaru
Qazlal
Ru
Sif Muna
Trog
Uskayaw
Wu Jian
Xom
Yredelemnul
Zin

Shops:
D:6 =

Annotations:
D:1 exclusion: gnoll
D:7 2 runed translucent doors


Innate Abilities, Weirdness & Mutations

You are amphibious.
You cover ground slowly.
You can hop short distances.
You have an extended range of vision and can be seen from far away.


Message History

Aim: a cyclops, quivering large rocks You draw life force from the cyclops!
The cyclops barely misses you.
Casting: Vampiric Draining (safe; 1% risk of failure)
Confirm with . or Enter, or press ? or * to list all spells.
Aiming: Vampiric Draining (safe; 1% risk of failure)
Press: ? - help, Shift-Dir - straight line, f/p - cyclops
Aim: a cyclops, quivering large rocks (moderately wounded)
You draw life force from the cyclops.
Casting: Vampiric Draining (safe; 1% risk of failure)
Confirm with . or Enter, or press ? or * to list all spells.
Aiming: Vampiric Draining (safe; 1% risk of failure)
Press: ? - help, Shift-Dir - straight line, f/p - cyclops
Aim: a cyclops, quivering large rocks (moderately wounded)
You draw life force from the cyclops.
The cyclops misses you.
Casting: Vampiric Draining (safe; 1% risk of failure)
Confirm with . or Enter, or press ? or * to list all spells.
Aiming: Vampiric Draining (safe; 1% risk of failure)
Press: ? - help, Shift-Dir - straight line, f/p - cyclops
Aim: a cyclops, quivering large rocks (heavily wounded)
You draw life force from the cyclops!
The cyclops hits you!
Casting: Vampiric Draining (safe; 1% risk of failure)
Confirm with . or Enter, or press ? or * to list all spells.
Aiming: Vampiric Draining (safe; 1% risk of failure)
Press: ? - help, Shift-Dir - straight line, f/p - cyclops
Aim: a cyclops, quivering large rocks (severely wounded)
You draw life force from the cyclops!
You feel life coursing into your body.
Casting: Vampiric Draining (safe; 1% risk of failure)
Confirm with . or Enter, or press ? or * to list all spells.
You don't have enough magic to cast this spell.
You hit the cyclops.
The cyclops is severely wounded.
The cyclops hits you!!
You feel clumsy.
b - the staff of death "Bioguuli" (weapon)
{rF+ rC+ rN+ MP+9 Dex-2} The cyclops hits you!
You hit the cyclops but do no damage.
The cyclops writhes in agony.
The cyclops is almost dead.
You hit the cyclops.
The cyclops writhes in agony!
You kill the cyclops!
Kikubaaqudgha accepts your kill.
The dead are walking!
Your Staves skill increases to level 10!
You start resting.
You are ready to hop once more.
You start resting.
Your reaping aura is weakening.
You start resting.
Your reaping aura expires.
You start resting.
A centaur warrior comes into view.
It is wielding a +1 spear of distortion.
The centaur warrior unwields a +1 spear of distortion.
Its appearance distorts for a moment.
The centaur warrior wields a +0 longbow.
The centaur warrior shoots an arrow.
The arrow hits your cyclops zombie!!
The centaur warrior shoots an arrow.
The arrow hits your cyclops zombie!!
You see here 5 large rocks.
The centaur warrior shoots an arrow.
The arrow hits your cyclops zombie!
The centaur warrior shoots an arrow.
The arrow hits your cyclops zombie!
Your cyclops zombie is destroyed!
You start resting.
The centaur warrior unwields a +0 longbow.
The centaur warrior wields a +1 spear of distortion.
Its appearance distorts for a moment.
The centaur warrior hits you with a +1 spear of distortion!
Space warps around you.
The centaur warrior completely misses you.
Casting: Vampiric Draining (safe; 1% risk of failure)
Confirm with . or Enter, or press ? or * to list all spells.
Aiming: Vampiric Draining (safe; 1% risk of failure)
Press: ? - help, Shift-Dir - straight line, f - centaur warrior
Aim: a centaur warrior, wielding a +1 spear of distortion You feel a surge of power!
You draw life force from the centaur warrior!
You feel life coursing into your body.
The centaur warrior hits you but does no damage.
You blink.
Kikubaaqudgha calls piteous wretches from the earth!
A bullfrog and a cyclops come into view.
The centaur warrior unwields a +1 spear of distortion.
Its appearance distorts for a moment.
The centaur warrior wields a +0 longbow.
The centaur warrior shoots an arrow.
The arrow closely misses you.
The centaur warrior shoots an arrow.
The arrow hits you!!
Casting: Vampiric Draining (safe; 1% risk of failure)
Confirm with . or Enter, or press ? or * to list all spells.
You feel a surge of power!
You call upon the dead to rise.
The centaur warrior shoots an arrow.
The arrow hits you!!
* * * LOW HITPOINT WARNING * * *
A nearby bullfrog perishes wretchedly.
A nearby cyclops perishes wretchedly.
The dead are walking!
The dead are hopping!
The centaur warrior shoots an arrow.
The arrow hits you.
* * * LOW HITPOINT WARNING * * *
The centaur warrior shoots an arrow.
The arrow hits you!
* * * LOW HITPOINT WARNING * * *
You swap places.
The centaur warrior shoots an arrow.
The arrow hits your bullfrog zombie!
The centaur warrior shoots an arrow.
The arrow closely misses your bullfrog zombie.
The arrow hits you!
You die...
Kikubaaqudgha rasps: "You have failed me!
Welcome... death!"

....>.....#..###.###.
.........<..##.....##
...........##..###..##
..........##...#.....##
..........#..#....##..#
.........[#..###...##.##
###....[..............c##
####....#.###..Z.Z..#(#
##.(.#..#.[@.....#..#
#..(##...##....###..#
##...##..##...## #..#
#....##.....## #...
#.....###.### ##.#
##...##..## #c. ...##.##
... ..## ##


You could see a centaur warrior (ally target), a friendly bullfrog zombie and a
friendly cyclops zombie.

Vanquished Creatures
  3 cyclopes
  An unseen horror (D:7)
  A kobold demonologist (D:7)
  Prince Ribbit (D:6)
  A shadow (D:8)
  5 yaks
  Grum (D:7)
  2 water moccasins
  2 sky beasts (D:6)
  3 black bears
  3 wolves (D:7)
  2 ogres
  3 centaurs (D:7)
  A phantom (D:5)
  6 bullfrogs
  2 kobold brigands
  A gnoll sergeant (D:7)
  4 scorpions
  A wight (D:7)
  5 howler monkeys
  5 hounds
  3 jellies
  An orc priest (D:7)
  An orc wizard (D:4)
  A sleepcap (D:5)
  A gnoll bouda (D:5)
  2 iguanas
  5 river rats (Sewer)
  5 adders
  23 gnolls
  4 shadow imps
  6 white imps
  4 ufetubi
  5 worms
  2 dart slugs
  30 orcs
  12 ball pythons
  13 bats
  7 endoplasms
  6 giant cockroaches
  3 goblins
  9 hobgoblins
  18 jackals
  3 kobolds
  6 quokkas
  5 rats
228 creatures vanquished.

Vanquished Creatures (collateral kills)
  A yak (D:7)
  A water moccasin (D:5)
  An ice beast (D:6)
  A phantom (D:5)
  2 bullfrogs
  A killer bee (D:8)
  2 hounds
  An orc priest (D:7)
  A sleepcap (D:6)
  2 orc wizards
  2 adders
  7 gnolls
  A river rat (Sewer)
  2 white imps
  A worm (Sewer)
  9 orcs
  A hobgoblin (D:4)
  2 jackals
38 creatures vanquished.

Vanquished Creatures (others)
  A cyclops (D:8)
  A bullfrog (D:8)
  A cyclops zombie (D:8)
  2 yak zombies (D:7)
  A wolf zombie (D:7)
  A centaur zombie (D:7)
  A black bear zombie (D:8)
  3 bullfrog zombies
  A killer bee zombie (D:8)
  2 ogre zombies
  2 hound zombies (D:4)
  2 howler monkey zombies
  An adder zombie (Sewer)
  A ball python zombie (D:4)
  4 gnoll zombies
  4 jackal zombies (D:4)
  10 orc zombies
  9 demonic plants (D:5)
  2 plants (D:4)
49 creatures vanquished.

Grand Total: 315 creatures vanquished

Notes
Turn   | Place    | Note
-------+----------+-------------------------------------------
     0 | D:1      | browni3141 the Barachi Necromancer began the quest for the
                  | Orb.
     0 | D:1      | Reached XP level 1. HP: 13/13 MP: 3/3
   312 | D:1      | Reached XP level 2. HP: 22/22 MP: 0/5
   965 | D:2      | Reached XP level 3. HP: 27/27 MP: 3/6
  1876 | D:2      | Reached XP level 4. HP: 33/33 MP: 7/7
  1948 | D:3      | Learned a level 3 spell: Vampiric Draining
  2257 | D:3      | Found a faded altar of an unknown god.
  2260 | D:3      | Got Plato's Spellbook of the Gathering
  2546 | D:4      | Noticed a black bear
  2560 | D:4      | Killed a black bear
  2561 | D:4      | Reached skill level 3 in Stealth
  2561 | D:4      | Reached XP level 5. HP: 16/38 MP: 4/8
  2682 | D:4      | Found a glowing drain.
  2682 | D:4      | Noticed an ogre
  2698 | Sewer    | Entered a sewer
  3083 | Sewer    | Learned a level 4 spell: Animate Dead
  3224 | Sewer    | Reached XP level 6. HP: 44/44 MP: 1/9
  3743 | D:3      | Reached skill level 3 in Fighting
  3814 | D:4      | Reached skill level 6 in Necromancy
  3903 | D:4      | Identified the staff of death "Bioguuli" {rF+ rC+ rN+ MP+9
                  | Dex-2}
  4298 | D:4      | Reached XP level 7. HP: 48/55 MP: 5/10
  4690 | D:4      | Reached skill level 3 in Staves
  5077 | D:4      | Reached XP level 8. HP: 52/62 MP: 11/11
  5695 | D:4      | Identified the staff of death "Zystojiepn" {rElec rN+ Int+3
                  | Dex+2}
  5768 | D:5      | Entered Level 5 of the Dungeon
  6308 | D:5      | Reached skill level 3 in Spellcasting
  7548 | D:5      | Reached XP level 9. HP: 62/68 MP: 16/16
  7717 | D:6      | Found a staircase to the Ecumenical Temple.
  7725 | Temple   | Entered the Ecumenical Temple
  7970 | Temple   | Became a worshipper of Kikubaaqudgha
  8142 | D:6      | Reached skill level 3 in Evocations
  8552 | D:6      | Found Nafumec's Jewellery Emporium.
  8678 | D:6      | Noticed Prince Ribbit
  8687 | D:6      | Killed Prince Ribbit
  9634 | D:7      | Reached skill level 6 in Fighting
  9706 | D:6      | Reached XP level 10. HP: 47/77 MP: 1/17
  9916 | D:7      | Found a large runed translucent door.
  9916 | D:7      | Found a large runed translucent door.
  9918 | D:7      | Noticed a cyclops
  9923 | D:7      | Found a large runed translucent door.
  9923 | D:7      | Found a large runed translucent door.
  9951 | D:7      | Noticed a kobold demonologist
  9959 | D:7      | Noticed a soul eater
  9984 | D:7      | Noticed a rust devil
  9987 | D:7      | Noticed a sun demon
  9989 | D:7      | Killed a kobold demonologist
  9990 | D:7      | Reached skill level 6 in Staves
  9990 | D:7      | Reached skill level 9 in Necromancy
 10192 | D:7      | Reached * piety under Kikubaaqudgha
 10192 | D:7      | Received a gift from Kikubaaqudgha
 10632 | D:7      | Identified the amulet of the Inquisitive Ears {Faith Fly
                  | rElec Dex+4}
 10635 | D:7      | Killed an unseen horror
 11670 | D:7      | Killed a cyclops
 11675 | D:7      | Identified the +7 morningstar of Misery {freeze, *Rage
                  | rElec Str-5 SInv}
 11802 | D:8      | Noticed Grum
 11808 | D:7      | Killed Grum
 12256 | D:8      | Noticed a cyclops
 12263 | D:8      | Killed a cyclops
 12264 | D:8      | Reached skill level 9 in Staves
 12264 | D:8      | Reached XP level 11. HP: 82/86 MP: 5/18
 12274 | D:8      | Reached ** piety under Kikubaaqudgha
 12692 | D:8      | Noticed a cyclops
 12707 | D:8      | Killed a cyclops
 12765 | D:8      | Noticed a centaur warrior
 12777 | D:8      | Shot with an arrow by a centaur warrior

Illustrated notes

Levels and vault maps discovered:
D:1:      denvon_arrival_planthouse, layout_basic,
          corexii_item_surrounded_by_moat, minmay_misc_feat_tiny
D:2:      layout_basic
D:3:      layout_basic, shapermc_ecumenical_altar_rom_forum, minivault_25
D:4:      lemuel_castle_with_subvaults [lemuel_castle_interior_carwin_1],
          layout_basic, cheibrodos_sewer_entry_bend
D:5:      layout_loops_ring, serial_demonic, serial_demonic_f, serial_demonic_f,
          serial_demonic_b, serial_demonic_b, serial_demonic_f,
          serial_demonic_d, serial_demonic_g, serial_demonic_e
D:6:      layout_loops_ring, minmay_temple_entry_tees, serial_shops,
          kennysheep_mini_moat, uniq_prince_ribbit1
D:7:      layout_basic, minmay_hollow_rounded_squares
D:8:      minmay_the_grid_octo_2x2 [minmay_the_grid_octo_tetromino_candy,
          minmay_the_grid_octo_77, minmay_the_grid_octo_toaster,
          minmay_the_grid_octo_prize_single_spiral], layout_rooms,
          gammafunk_temple_overflow_statue, dpeg_oklobed_lair, uniq_grum
Temple:   hc_temple_tempest_star

Skill      XL: |  1  2  3  4  5  6  7  8  9 10 11 |
---------------+----------------------------------+-----
Fighting       | 2 4 5 6 8 |  8.0
Necromancy     | 4 5 6 8 10 | 10.0
Stealth        | 3 |  3.0
Staves         | 1 4 5 9 10 | 10.0
Spellcasting   | 5 |  5.0
Armour         | 1 2 |  2.0
Evocations     | 5 |  5.0
Long Blades    | |  0.1
Dodging        | |  2.1

Action                     |  1- 3 |  4- 6 |  7- 9 | 10-12 || total
---------------------------+-------+-------+-------+-------++-------
  Melee: Whip              |    56 |   284 |       |       ||   340
         Staff             |       |    17 |   504 |   126 ||   647
         Scimitar          |       |     3 |    35 |    52 ||    90
         Punch             |       |     2 |     9 |     3 ||    14
  Throw: Dart              |       |       |       |     1 ||     1
   Cast: Necrotise         |    73 |    41 |    31 |     2 ||   147
         Vampiric Draining |       |     6 |    79 |    57 ||   142
         Animate Dead      |       |     4 |     9 |     6 ||    19
 Invoke: Unearth Wretches  |       |       |       |     1 ||     1
Ability: Hop               |     1 |     5 |     5 |     5 ||    16
    Use: Potion            |       |     5 |     1 |     2 ||     8
         Scroll            |       |     5 |     1 |       ||     6
   Stab: Sleeping          |       |     8 |     1 |     1 ||    10
         Distracted        |       |       |     2 |     1 ||     3
 Armour: Robe              |    12 |   137 |   241 |    74 ||   464
         Skin              |       |   104 |     1 |       ||   105
         Scale mail        |       |       |     1 |       ||     1
  Dodge: Dodged            |    44 |   254 |   430 |   150 ||   878
